 Dungeon Crawl Stone Soup version 0.32-a0-314-g526f7d4993 (webtiles) character file.

Game seed: 5798601414377579634

396 retardedninja the Trooper (level 6, 0/56 HPs)
             Began as a Mountain Dwarf Fighter on Feb 15, 2024.
             Succumbed to an orc priest's poison
             ... on level 4 of the Dungeon.
             The game lasted 00:04:22 (2335 turns).

retardedninja the Trooper (Mountain Dwarf Fighter)  Turns: 2335, Time: 00:04:22

Health: 0/56       AC: 12    Str: 20    XL:     6   Next: 52%
Magic:  6/6        EV:  7    Int:  9    God:
Gold:   165        SH:  4    Dex:  9    Spells: 5/5 levels left

rFire   . . .        s - +0 broad axe
rCold   . . .        c - +0 buckler
rNeg    . . .        p - +0 chain mail
rPois   .            m - +0 helmet
rElec   .            (no cloak)
rCorr   .            g - +0 pair of gloves
SInv    .            (no boots)
Will    .....        (no amulet) Stlth
                     (no ring)
HPRegen 0.29/turn    (no ring)
MPRegen 0.10/turn

%: no passive effects
@: lethally poisoned (0 -> -2), on berserk cooldown, attractive, slowed, very
slow
A: runic magic, artefact enchanting
a: no special abilities


You were on level 4 of the Dungeon.
You visited 1 branch of the dungeon, and saw 4 of its levels.
You also visited: Sewer.

You collected 165 gold pieces.

Inventory:

Hand Weapons
 s - a +0 broad axe (weapon)
Missiles
 l - 5 javelins (quivered)
Armour
 c - a +0 buckler (worn)
 g - a +0 pair of gloves (worn)
 m - a +0 helmet (worn)
 p - a +0 chain mail (worn)
Wands
 d - a wand of acid (3)
Scrolls
 e - 2 scrolls of teleportation {unknown}
 k - 5 scrolls of identify {unknown}
 n - a scroll of fog {unknown}
 o - a scroll of revelation {unknown}
 q - a scroll of vulnerability {unknown}
 r - a scroll of acquirement {unknown}
 t - a scroll of amnesia {unknown}
 v - a scroll of immolation {unknown}
 w - a scroll of fear {unknown}
Potions
 b - a potion of cancellation {unknown}
 f - 3 potions of attraction
 h - a potion of enlightenment {unknown}
 i - 3 potions of curing {unknown}
 j - a potion of ambrosia {unknown}
 u - a potion of heal wounds {unknown}


   Skills:
 + Level 5.0 Fighting
 + Level 4.6 Axes
 + Level 4.9 Armour
 + Level 4.9 Shields


You had 5 spell levels left.
You didn't know any spells.
Your spell library contained the following spells:

 Spells                   Type           Power      Damage    Failure   Level
 Static Discharge         Conj/Air       0%         3-3/arc   77%         2
 Airstrike                Air            0%         2d(0-16)  100%        4
 Summon Lightning Spire   Summ/Air       0%         N/A       100%        4
 Iskenderun's Battlesphe  Conj           0%         2d6       100%        5
 Bombard                  Conj/Erth      0%         9d1       100%        6
 Spellforged Servitor     Conj/Summ      0%         N/A       100%        7


Dungeon Overview and Level Annotations

Branches:
Dungeon (4/15)              Sewer (visited)
 Temple: D:4-7

Altars:
Wu Jian

Shops:
D:1 *


Innate Abilities, Weirdness & Mutations

Your spellcasting is much less encumbered by armour.
You can use scrolls of enchantment on lesser artefacts.


Message History

The hound barely misses you. The hound bites you but does no damage.
You closely miss the hound.
The hound is heavily wounded.
You closely miss the orc. You slash the orc!
You kill the orc!
* * * LOW HITPOINT WARNING * * *
You feel sick. The hound bites you but does no damage.
You closely miss the hound.
The hound is heavily wounded.
You barely miss the orc.
* * * LOW HITPOINT WARNING * * *
You feel sick.
An orc wizard comes into view. It is wielding a +0 dagger.
The hound barely misses you. The orc closely misses you.
You slice the hound!!
You kill the hound!
You closely miss the orc.
* * * LOW HITPOINT WARNING * * *
You feel sick. The orc hits you but does no damage.
The orc hits you with a +0 hand axe.
* * * LOW HITPOINT WARNING * * *
An iguana comes into view.
Your Fighting skill increases to level 5!
You slash the orc!
You kill the orc!
You slash the orc!
You kill the orc!
* * * LOW HITPOINT WARNING * * *
You feel sick.
* * * LOW HITPOINT WARNING * * *
You feel sick.
You feel a strong urge to attack something.
* * * LOW HITPOINT WARNING * * *
You feel sick.
You feel your anger nearly subside.
You are no longer berserk.
You are exhausted.
You feel yourself slow down.
It was a potion of attraction.
You feel attractive to monsters.
You die...

# ###.#####
........#
........####
........<..#
###.######.# #
#.##############..
#.....##...)...l..
#####.@....)o.....
###...)......#
#..>.............#
#.######........##
#.####..## #.# .##
#.# + ... ..


You could see an orc wizard.

Vanquished Creatures
  Pargi (Sewer)
  A brain worm (Sewer)
  An orc priest (D:4)
  A hound (D:4)
  3 adders
  A dart slug (D:2)
  7 orcs
  5 ball pythons
  14 bats
  6 endoplasms
  3 giant cockroaches
  6 goblins
  4 hobgoblins
  4 jackals (D:3)
  8 quokkas
  3 frilled lizards
  7 kobolds
  9 rats
84 creatures vanquished.

Notes
Turn   | Place    | Note
-------+----------+-------------------------------------------
     0 | D:1      | retardedninja the Mountain Dwarf Fighter began the quest
                  | for the Orb.
     0 | D:1      | Reached XP level 1. HP: 19/19 MP: 1/1
   122 | D:1      | Reached XP level 2. HP: 21/26 MP: 2/2
   365 | D:1      | Reached XP level 3. HP: 33/33 MP: 3/3
   380 | D:1      | Found Digoong's Assorted Antiques.
   532 | D:1      | You fall into a shaft and drop 1 floor!
  1028 | D:2      | Reached XP level 4. HP: 40/40 MP: 4/4
  1046 | D:2      | Reached skill level 4 in Fighting
  1217 | D:3      | Found an ornate altar of the Wu Jian Council.
  1470 | D:3      | Found a glowing drain.
  1481 | Sewer    | Entered a sewer
  1519 | Sewer    | Noticed a brain worm
  1524 | Sewer    | Killed a brain worm
  1525 | Sewer    | Reached XP level 5. HP: 47/47 MP: 5/5
  1527 | Sewer    | Noticed Pargi
  1541 | Sewer    | Killed Pargi
  1542 | Sewer    | Reached XP level 6. HP: 34/53 MP: 6/6
  2330 | D:4      | Reached skill level 5 in Fighting
  2330 | D:4      | HP: 4/84 [poisoned by an orc priest]
  2335 | D:4      | Succumbed to an orc priest's poison

Illustrated notes

Levels and vault maps discovered:
D:1:      lightli_arrival_noodles, layout_basic, serial_shops,
          nicolae_shop_pleasant_corner_grove, lemuel_flame_loot_1
D:2:      layout_rooms, kennysheep_generic_room_14
D:3:      kb_forest_paths, layout_basic,
          mainiacjoe_overflow_concentric_impassable, gup_sewer_entry_pipe
D:4:      layout_rooms, kennysheep_little_box, tso_metal_star, enter_ossuary_2

Skill      XL: |  1  2  3  4  5  6 |
---------------+-------------------+-----
Axes           | 3 4 |  4.6
Fighting       | 4 5 |  5.0
Shields        | 4 |  4.9
Armour         | 4 |  4.9

Action                     |  1- 3 |  4- 6 || total
---------------------------+-------+-------++-------
  Melee: War axe           |   102 |    92 ||   194
         Broad axe         |       |    70 ||    70
  Throw: Javelin           |     1 |     1 ||     2
    Use: Potion            |       |     3 ||     3
 Armour: Scale mail        |    79 |     2 ||    81
         Chain mail        |       |   207 ||   207
  Dodge: Dodged            |    57 |    86 ||   143
  Block: Buckler           |    21 |    48 ||    69

Table legend: (Time is in decaauts)
 A = Elapsed time spent in this place.
 B = Non-inter-level travel time spent in this place.
 C = Inter-level travel time spent in this place.
 D = Time resting spent in this place.
 E = Time spent auto-exploring this place.
 F = Levels seen in this place.
 G = Mean time per level.
                   A        B        C        D        E       F      G
               +--------+--------+--------+--------+--------+-----+--------+
         Total |   2438 |   2377 |     61 |      0 |   1580 |   5 |  487.6 |
       Dungeon |   2320 |   2259 |     61 |      0 |   1573 |   4 |  580.0 |
         Sewer |    118 |    118 |      0 |      0 |      7 |   1 |  118.0 |
               +--------+--------+--------+--------+--------+-----+--------+

Top non-repeatable levels by time:
     D:3: 1024 daAuts
     D:1: 743 daAuts
     D:2: 508 daAuts
   Sewer: 118 daAuts
     D:4: 43 daAuts
